Map: Submarine LE

Players

Daedalus

  • Race: Protoss Protoss
  • League: Diamond
  • Spawn Location: 5:00

RyuKey - Winner!

  • Race: Protoss Protoss
  • League: Diamond
  • Spawn Location: 11:00

VOD

Have the link to the VOD?

Description

Time

  • Played on: June 21, 2020, 11:15 a.m.
  • Length: 14:52
Show
View Real Time Build Order
Export as new Build Order

Daedalus Protoss 

Build Orders:  

Get SALT Encoding   

  12  0:01  Probe  
  13  0:13  Probe  
  14  0:21  Pylon  
  14  0:25  Probe  
  15  0:39  Probe  
  15  0:40  Gateway  
  16  0:51  Assimilator, Probe  
  17  1:01  Assimilator  
  17  1:03  Probe  
  18  1:22  Gateway  
  18  1:33  Pylon  
  18  1:37  Zealot  
  18  1:43  Pylon  
  19  1:59  Cybernetics Core  
  19  2:05  Zealot  
  21  2:14  Gateway  
  19  2:29  Stalker  
  20  2:40  Warp Gate  
  18  2:51  Pylon  
  18  3:05  Stalker  
  18  3:12  Stalker  
  22  3:25  Probe  
  23  3:48  Probe  
  23  3:55  Stalker  
  25  4:03  Probe  
  25  4:06  Robotics Facility  
  26  4:15  Probe  
  25  4:28  Stalker  
  27  4:34  Stalker  
  29  4:39  Shield Battery  
  29  4:47  Probe  
  30  4:59  Probe  
  31  5:00  Nexus  
  31  5:06  Pylon  
  31  5:18  Pylon  
  31  5:21  Probe  
  31  5:26  Shield Battery  
  32  5:31  Sentry  
  32  5:32  Probe, Sentry  
  36  5:41  Probe  
  37  5:48  Observer  
  39  5:58  Stalker x2  
  39  6:04  Probe  
  44  6:14  Probe  
  44  6:15  Probe  
  44  6:17  Immortal  
  45  6:22  Probe  
  45  6:24  Probe  
  48  6:50  Zealot x2  
  37  7:15  Stalker x2  
  41  7:18  Probe x2  
  39  7:26  Probe x2  
  39  7:27  Immortal  
  43  7:34  Probe  
  43  7:35  Probe  
  47  7:53  Probe x2  
  47  7:55  Stalker x2  
  48  8:05  Probe  
  48  8:12  Probe  
  45  8:17  Probe  
  45  8:19  Immortal  
  50  8:20  Probe  
  50  8:21  Stalker x2  
  50  8:25  Probe  
  55  8:27  Shield Battery  
  55  8:28  Shield Battery  
  56  8:36  Assimilator  
  56  8:40  Probe  
  56  8:43  Probe  
  56  8:46  Sentry  
  56  8:47  Sentry  
  62  9:05  Twilight Council  
  62  9:08  Forge  
  62  9:16  Pylon  
  62  9:18  Pylon  
  62  9:19  Assimilator  
  62  9:20  Pylon  
  62  9:28  Protoss Ground Weapons Level 1  
  62  9:34  Probe, Warp Prism  
  62  9:35  Zealot, Charge  
  62  9:36  Zealot  
  69  9:40  Nexus  
  69  9:42  Pylon  
  69  9:43  Probe  
  70  9:47  Probe  
  71  9:56  Probe  
  71  9:59  Probe  
  73  10:06  Stalker  
  75  10:07  Zealot  
  75  10:08  Probe  
  75  10:11  Probe  
  79  10:21  Immortal  
  79  10:22  Gateway  
  79  10:23  Gateway  
  83  10:37  Probe x2  
  85  10:48  Zealot x2  
  85  10:49  Probe x2  
  91  10:51  Pylon  
  91  11:07  Probe  
  91  11:08  Probe  
  91  11:09  Immortal  
  97  11:18  Templar Archives  
  97  11:20  Adept x2  
  97  11:21  Adept  
  99  11:29  Probe x2  
  99  11:33  Photon Cannon  
  99  11:34  Photon Cannon  
  99  11:36  Shield Battery  
  99  11:44  Zealot x4  
  104  11:56  Probe x2  
  102  12:03  Probe  
  102  12:05  High Templar x4  
  102  12:08  Probe, Protoss Ground Weapons Level 2  
  112  12:11  Probe  
  112  12:15  Probe  
  114  12:16  Assimilator  
  114  12:22  Gateway  
  114  12:26  Gateway x2  
  114  12:29  Assimilator  
  114  12:31  Archon  
  114  12:32  Archon  
  105  12:41  Zealot x4  
  65  13:02  Zealot x4  
  61  13:21  Zealot x2  
  61  13:22  Zealot x5  
  63  14:15  Zealot x2  
  63  14:16  Zealot x5  
Show
View Real Time Build Order
Export as new Build Order

RyuKey Protoss - Winner!

Build Orders: Cannon Rush 

Get SALT Encoding   

  12  0:01  Probe  
  13  0:13  Probe  
  14  0:17  Pylon  
  14  0:24  Probe  
  15  0:32  Probe  
  15  0:40  Forge, Probe  
  17  0:51  Pylon  
  17  1:13  Photon Cannon  
  17  1:15  Photon Cannon  
  17  1:22  Photon Cannon  
  17  1:32  Probe  
  17  1:43  Photon Cannon  
  17  1:51  Probe  
  18  1:57  Gateway  
  18  2:03  Probe  
  19  2:20  Probe  
  20  2:31  Assimilator  
  20  2:35  Assimilator  
  20  2:37  Gateway  
  20  2:38  Pylon  
  19  2:48  Cybernetics Core  
  19  2:52  Pylon  
  19  2:58  Pylon  
  18  3:14  Stalker x2  
  18  3:16  Gateway  
  18  3:26  Warp Gate  
  22  3:31  Gateway  
  22  3:44  Stalker x2  
  26  4:07  Stalker  
  28  4:19  Stalker  
  30  4:24  Stalker  
  30  4:31  Pylon  
  30  4:48  Stalker  
  32  4:54  Stalker  
  34  5:18  Stalker, Probe  
  34  5:19  Stalker  
  39  5:31  Probe  
  40  5:38  Stalker  
  42  5:48  Stalker  
  43  6:00  Zealot x2  
  47  6:09  Pylon  
  47  6:29  Nexus  
  39  7:22  Protoss Ground Weapons Level 1  
  33  7:24  Stalker x2  
  33  7:25  Stalker x2  
  33  7:26  Probe  
  33  7:29  Pylon  
  42  7:36  Probe  
  42  7:39  Twilight Council  
  42  7:43  Probe  
  44  7:45  Probe  
  45  7:53  Probe  
  45  7:55  Probe  
  43  8:08  Charge  
  39  8:14  Zealot x4  
  47  8:22  Probe  
  47  8:25  Probe  
  49  8:30  Probe  
  49  8:37  Probe  
  49  8:39  Probe  
  51  8:47  Probe  
  52  8:49  Probe  
  54  9:01  Probe  
  55  9:10  Probe  
  55  9:14  Probe  
  55  9:15  Zealot  
  59  9:20  Templar Archives  
  59  9:23  Probe  
  60  9:25  Nexus  
  60  9:26  Probe  
  61  9:35  Zealot x4, Probe  
  70  9:53  Protoss Ground Weapons Level 2  
  70  9:54  Pylon  
  70  9:55  Pylon  
  70  9:56  Pylon  
  70  10:02  Pylon  
  70  10:10  Assimilator  
  70  10:12  Probe x2  
  72  10:14  Pylon, Assimilator  
  72  10:15  High Templar x2  
  72  10:19  Zealot x2  
  72  10:20  Archon  
  80  10:24  Probe  
  81  10:44  Gateway x2  
  81  10:47  Gateway  
  81  10:49  Gateway  
  81  10:51  Zealot x4  
  89  11:16  High Templar x2  
  93  11:18  Zealot x2  
  93  11:20  Archon  
  92  11:39  Pylon, Zealot x3  
  81  11:58  Zealot x4  
  87  12:06  Probe x3  
  90  12:11  Zealot x3  
  96  12:18  Probe  
  85  12:46  Zealot x6  
  85  12:47  Zealot  
  83  13:09  Zealot  
  83  13:10  Zealot x6  
  83  13:33  Probe x3  
  86  13:36  Pylon  
  86  13:39  Stalker x5  
  96  13:45  Probe x2  
  98  13:53  High Templar x2  
  102  13:58  Archon  
  98  14:10  Stalker  
  98  14:11  Stalker x3  
  98  14:32  High Templar x2  
  98  14:34  Zealot  
  98  14:36  Archon  
  101  14:39  Stalker x4  
Tags
 
Matchup
PvP
Spawn Locations
Cross Positions
Add a new tag
Caveats
  • Supply blocks, unpowered buildings, or Contaminate may cause inaccurate times.
  • Supply counts are checked every 10 seconds.